 Dungeon Sprint DCSS version 0.22-a0-322-g60b3cfd (webtiles) character file.

23319 emperorscorpion the Eclecticist (level 12, -5/71 HPs)
             Began as a Deep Elf Fire Elementalist on Apr 5, 2018.
             Was the Champion of Vehumet.
             Slain by Aizul (42 damage)
             ... in the Dungeon (Sprint IX: "|||||||||||||||||||||||||||||").
             The game lasted 00:18:34 (1735 turns).

emperorscorpion the Eclecticist (DEFE)              Turns: 1735, Time: 00:18:34

Health: -5/71      AC:  7    Str:  5    XL:     12   Next: 70%
Magic:  15/37      EV: 21    Int: 25    God:    Vehumet [******]
Gold:   395        SH:  0    Dex: 16    Spells: 17/49 levels left

rFire    + . .     SeeInvis .   a - staff of energy
rCold    x . .     Gourm    .   (no shield)
rNeg     . . .     Faith    +   G - +0 troll leather armour
rPois    .         Spirit   .   (no helmet)
rElec    .         Reflect  .   q - +0 cloak
rCorr    .         Harm     .   D - +0 pair of gloves
MR       +....     NoTele   +   I - +0 pair of boots {run}
Stlth    ++++......             J - amulet of faith
HPRegen  0.61/turn              O - ring of fire
MPRegen  0.25/turn              u - +2 ring of evasion

@: lethally poisoned (-5 -> -11), sleeping, quick
A: no striking features
a: Renounce Religion


You were in the Dungeon.
You worshipped Vehumet.
Vehumet was exalted by your worship.
You were not hungry.

You visited 1 branch You collected 1868 gold pieces.
You spent 1473 gold pieces at shops.

Inventory:

Hand Weapons
 b - a +4 quarterstaff of speed
 o - a +0 dagger
 p - a +2 rapier of venom
 R - the +8 mace of the Shining Light {crush, rElec rC+}
   (You found it in the Dungeon)

   It inflicts extra damage upon your enemies.
   It protects you from cold.
   It insulates you from electricity.
Armour
 n - a +0 robe
 q - a +0 cloak (worn)
 r - a +0 pair of boots
 s - a +2 ring mail
 C - a +0 cloak
 D - a +0 pair of gloves (worn)
 E - a +0 pair of boots
 G - a +0 troll leather armour (worn)
 I - a +0 pair of boots of running (worn)
 L - a +1 leather armour of poison resistance
Magical Staves
 a - an uncursed staff of energy (weapon)
Jewellery
 t - a +3 ring of dexterity
 u - a +2 ring of evasion (right hand)
 J - an amulet of faith (around neck)
 K - an uncursed amulet of regeneration
 N - an uncursed ring of poison resistance
 O - a ring of fire (left hand)
 P - an uncursed ring of protection from cold
 Q - an uncursed ring of protection from magic
Wands
 m - a wand of iceblast (8)
 F - a wand of flame (22)
Scrolls
 i - 3 scrolls of blinking
 k - 4 scrolls of remove curse
 l - 2 scrolls of amnesia
 w - 5 scrolls of identify
 y - 6 scrolls of enchant weapon
 z - 2 scrolls of fear
 B - 3 scrolls of fog
 H - a scroll of immolation
 T - 2 scrolls of enchant armour
Potions
 d - 5 potions of curing
 e - 2 potions of might
 f - a potion of haste
 g - 3 potions of magic
 h - 2 potions of mutation
 j - a potion of invisibility
 v - 6 potions of heal wounds
 S - a potion of berserk rage
Miscellaneous
 x - a lightning rod (4/4)
 M - a sack of spiders
Comestibles
 c - 11 rations
 A - 8 chunks of flesh


   Skills:
 * Level 6.4 Fighting
 + Level 3.5 Short Blades
 + Level 6.9 Staves
 + Level 0.7 Armour
 + Level 11.2 Dodging
 + Level 10.1 Stealth
 + Level 19.3 Spellcasting
 + Level 14.1 Conjurations
 + Level 18.3 Fire Magic
 + Level 13.4 Evocations


You had 17 spell levels left.
You knew the following spells:

 Your Spells              Type           Power        Failure   Level  Hunger
a - Flame Tongue          Conj/Fire      #####        0%          1    None
b - Sticky Flame          Conj/Fire      ########     1%          4    None
c - Conjure Flame         Conj/Fire      ########     0%          3    None
d - Fireball              Conj/Fire      ########..   1%          5    None
e - Airstrike             Air            ###.......   9%          4    None
f - Venom Bolt            Conj/Pois      ######....   1%          5    None
g - Iskenderun's Mystic   Conj           #######.     1%          4    None
h - Bolt of Fire          Conj/Fire      ########..   1%          6    None


Dungeon Overview and Level Annotations

Branches:
Dungeon (1/1)

Altars:
Cheibriados
Dithmenos
Elyvilon
Fedhas
Gozag
Hepliaklqana
Kikubaaqudgha
Makhleb
Nemelex Xobeh
Okawaru
Qazlal
Ru
Sif Muna
Trog
Uskayaw
Vehumet
Wu Jian
Xom
Yredelemnul
Zin
The Shining One
Beogh
Jiyva
Lugonu

Shops:
D =[?}

Annotations:
D Aizul


Message History

Aizul is severely wounded.
Aizul coils herself and waves her upper body at you.
The poison arrow hits you!
You are poisoned.
Casting: Bolt of Fire (safe; 1% risk of failure)
Confirm with . or Enter, or press ? or * to list all spells.
Aiming: Bolt of Fire (safe; 1% risk of failure)
Press: ? - help, Shift-Dir - straight line, f/p - Aizul
Aim: Aizul (heavily wounded)
You feel a surge of power!
The bolt of fire hits Aizul.
Aizul is almost dead.
You feel sick. Aizul casts a spell at you.
You fall asleep.
You feel sick.
Aizul yawns, and then pretends she didn't.
You feel sick. x2
Aizul hits you!!!
Ouch! That really hurt!
You die...

▓▓▓▓▓▓▓▓▓▓▓▓▓▓▓▓▓
▓...▓...▓...▓...▓
▓.▓.▓.▓.▓.▓.▓.▓.▓
▓'▓.▓.▓.▓.▓.▓.▓@▓
▓.▓.▓.▓.▓.▓.▓.▓S▓
▓.▓.▓'▓.▓.▓.▓.▓.▓
▓.▓.▓.▓.▓.▓.▓.▓.▓
▓.▓.▓.▓.▓.▓.▓.▓.▓
▓.▓.▓[▓.▓.▓.▓.▓.▓
▓)▓.▓.▓.▓.▓.▓.▓.▓
▓'▓.▓.▓.▓'▓.▓'▓.▓
▓)▓.▓.▓.▓.▓.▓.▓


You could see Aizul.

Vanquished Creatures
  A stone giant (D)
  2 ettins (D)
  Josephine (D)
  2 hydras (D)
  A centaur warrior (D)
  3 ogre magi (D)
  2 two-headed ogres (D)
  Urug (D)
  A vampire mage (D)
  5 deep trolls (D)
  A glowing orange brain (D)
  3 orc knights (D)
  An ugly thing (D)
  2 spiny frogs (D)
  2 gargoyles (D)
  A freezing wraith (D)
  A komodo dragon (D)
  2 yaktaurs (D)
  An efreet (D)
  5 trolls (D)
  A polar bear (D)
  3 hippogriffs (D)
  2 blink frogs (D)
  A shadow (D)
  3 wraiths (D)
  A hog (shapeshifter) (D)
  4 yaks (D)
  Eustachio (D)
  Grum (D)
  4 wargs (D)
  A water moccasin (D)
  5 porcupines (D)
  A hell hound (D)
  11 orc warriors (D)
  A sky beast (D)
  An ice beast (D)
  5 wolves (D)
  2 bullfrogs (D)
  6 orc priests (D)
  2 jellies (D)
  An orc wizard (D)
  A worker ant (D)
  An adder (D)
  An adder zombie (D)
  A leopard gecko (D)
  5 orcs (D)
  A bat skeleton (D)
  A giant cockroach (D)
  2 goblins (D)
  A kobold (D)
  A frilled lizard (D)
110 creatures vanquished.

Vanquished Creatures (others)
  2 spatial maelstroms (D)
2 creatures vanquished.

Grand Total: 112 creatures vanquished

Notes
Turn   | Place    | Note
-------+----------+-------------------------------------------
     0 | D        | emperorscorpion the Deep Elf Fire Elementalist began the quest for the Orb.
     0 | D        | Reached XP level 1. HP: 10/10 MP: 6/6
    14 | D        | Banished a spatial maelstrom
    46 | D        | Banished a spatial maelstrom
    96 | D        | Noticed a jelly
    96 | D        | Noticed a worker ant
   101 | D        | Killed a worker ant
   101 | D        | Reached skill level 4 in Spellcasting
   101 | D        | Reached skill level 5 in Fire Magic
   101 | D        | Reached XP level 2. HP: 10/15 MP: 3/9
   101 | D        | Reached XP level 3. HP: 13/19 MP: 3/11
   104 | D        | Reached skill level 5 in Spellcasting
   110 | D        | Reached XP level 4. HP: 12/24 MP: 1/13
   123 | D        | Found a roughly hewn altar of Beogh.
   123 | D        | Found a snail-covered altar of Cheibriados.
   123 | D        | Found a shadowy altar of Dithmenos.
   123 | D        | Found a white marble altar of Elyvilon.
   123 | D        | Found a blossoming altar of Fedhas.
   123 | D        | Found an opulent altar of Gozag.
   124 | D        | Found a hazy altar of Hepliaklqana.
   125 | D        | Found a viscous altar of Jiyva.
   126 | D        | Found an ancient bone altar of Kikubaaqudgha.
   127 | D        | Found a corrupted altar of Lugonu.
   128 | D        | Found a burning altar of Makhleb.
   129 | D        | Found a sparkling altar of Nemelex Xobeh.
   130 | D        | Found an iron altar of Okawaru.
   131 | D        | Found a stormy altar of Qazlal.
   132 | D        | Found a sacrificial altar of Ru.
   133 | D        | Found a deep blue altar of Sif Muna.
   134 | D        | Found a bloodstained altar of Trog.
   135 | D        | Found a hide-covered altar of Uskayaw.
   136 | D        | Found a radiant altar of Vehumet.
   137 | D        | Found an ornate altar of the Wu Jian Council.
   138 | D        | Found a shimmering altar of Xom.
   139 | D        | Found a basalt altar of Yredelemnul.
   140 | D        | Found a glowing silver altar of Zin.
   141 | D        | Found a glowing golden altar of the Shining One.
   144 | D        | Became a worshipper of Vehumet
   179 | D        | Learned a level 4 spell: Sticky Flame
   183 | D        | Learned a level 3 spell: Conjure Flame
   295 | D        | Noticed an ice beast
   295 | D        | Noticed a yak
   295 | D        | Noticed a yak
   295 | D        | Noticed a hippogriff
   303 | D        | Killed a hippogriff
   303 | D        | Reached skill level 1 in Fighting
   303 | D        | Reached skill level 1 in Short Blades
   303 | D        | Reached skill level 5 in Dodging
   303 | D        | Reached skill level 5 in Stealth
   303 | D        | Reached skill level 8 in Spellcasting
   303 | D        | Reached XP level 5. HP: 4/29 MP: 6/17
   310 | D        | Reached XP level 6. HP: 34/34 MP: 3/19
   318 | D        | Learned a level 5 spell: Fireball
   418 | D        | Killed a yak
   418 | D        | Reached * piety under Vehumet
   418 | D        | Offered knowledge of Sandblast by Vehumet.
   418 | D        | Reached skill level 9 in Spellcasting
   418 | D        | Reached skill level 10 in Fire Magic
   424 | D        | Killed a yak
   424 | D        | Reached skill level 10 in Spellcasting
   424 | D        | Reached XP level 7. HP: 38/38 MP: 1/22
   455 | D        | Reached ** piety under Vehumet
   548 | D        | Noticed a centaur warrior
   548 | D        | Noticed an efreet
   548 | D        | Noticed a gargoyle
   548 | D        | Noticed a two-headed ogre
   548 | D        | Noticed a gargoyle
   552 | D        | Killed a gargoyle
   552 | D        | Offered knowledge of Shock by Vehumet.
   552 | D        | Reached skill level 11 in Spellcasting
   552 | D        | Reached skill level 5 in Conjurations
   556 | D        | Killed a two-headed ogre
   556 | D        | Reached skill level 1 in Staves
   556 | D        | Reached skill level 12 in Spellcasting
   556 | D        | Reached XP level 8. HP: 44/44 MP: 18/26
   557 | D        | Killed a gargoyle
   571 | D        | Killed an efreet
   571 | D        | Reached *** piety under Vehumet
   571 | D        | Reached skill level 13 in Spellcasting
   571 | D        | Reached XP level 9. HP: 32/49 MP: 21/28
   577 | D        | Killed a centaur warrior
   840 | D        | Noticed a komodo dragon
   840 | D        | Noticed a spiny frog
   840 | D        | Noticed a four-headed hydra
   844 | D        | Offered knowledge of Dazzling Spray by Vehumet.
   844 | D        | Killed a four-headed hydra
   844 | D        | Reached **** piety under Vehumet
   844 | D        | Reached skill level 14 in Spellcasting
   844 | D        | Reached skill level 15 in Fire Magic
   844 | D        | Reached skill level 1 in Evocations
   847 | D        | Noticed an eight-headed hydra
   849 | D        | Killed a spiny frog
   849 | D        | Reached XP level 10. HP: 44/56 MP: 13/30
   854 | D        | Reached skill level 5 in Staves
   855 | D        | Reached ***** piety under Vehumet
   855 | D        | Reached skill level 10 in Dodging
   855 | D        | Reached skill level 15 in Spellcasting
   857 | D        | Killed an eight-headed hydra
   883 | D        | Noticed a spiny frog
   894 | D        | Killed a spiny frog
   935 | D        | Reached ****** piety under Vehumet
   935 | D        | Reached skill level 10 in Conjurations
   939 | D        | Reached skill level 16 in Spellcasting
   944 | D        | Reached skill level 5 in Evocations
  1038 | D        | Noticed Urug
  1043 | D        | Killed Urug
  1043 | D        | Offered knowledge of Airstrike by Vehumet.
  1043 | D        | Reached XP level 11. HP: 49/62 MP: 15/33
  1049 | D        | Learned a level 4 spell: Airstrike
  1060 | D        | Noticed Grum
  1064 | D        | Offered knowledge of Bolt of Magma by Vehumet.
  1067 | D        | Killed Grum
  1094 | D        | Noticed an orc knight
  1101 | D        | Killed an orc knight
  1175 | D        | Noticed an orc knight
  1181 | D        | Killed an orc knight
  1181 | D        | Reached skill level 17 in Spellcasting
  1185 | D        | Noticed an orc knight
  1260 | D        | Killed an orc knight
  1260 | D        | Offered knowledge of Venom Bolt by Vehumet.
  1267 | D        | Learned a level 5 spell: Venom Bolt
  1357 | D        | Found Hyroaz's Gadget Boutique.
  1357 | D        | Noticed an ogre mage
  1357 | D        | Noticed a stone giant
  1357 | D        | Noticed an ogre mage
  1357 | D        | Noticed a deep troll
  1358 | D        | Noticed a deep troll
  1361 | D        | Killed an ogre mage
  1362 | D        | Noticed a deep troll
  1362 | D        | Killed a deep troll
  1362 | D        | Killed a deep troll
  1362 | D        | Offered knowledge of Iskenderun's Mystic Blast by Vehumet.
  1363 | D        | Killed a stone giant
  1363 | D        | Reached skill level 18 in Spellcasting
  1363 | D        | Reached skill level 10 in Evocations
  1364 | D        | Killed an ogre mage
  1365 | D        | Noticed a deep troll
  1366 | D        | Killed a deep troll
  1368 | D        | Killed a deep troll
  1368 | D        | Reached skill level 10 in Stealth
  1370 | D        | Found Wuniezeh's Magic Scroll Shop.
  1384 | D        | Reached XP level 12. HP: 12/68 MP: 19/36
  1398 | D        | Noticed an ettin
  1403 | D        | Killed an ettin
  1420 | D        | Found Ypluh's Armour Boutique.
  1439 | D        | Found Umerph Vijounk's Jewellery Shop.
  1445 | D        | Bought a scroll of immolation for 38 gold pieces
  1448 | D        | Bought a +0 pair of boots of running for 315 gold pieces
  1461 | D        | Bought an uncursed amulet of faith for 400 gold pieces
  1461 | D        | Bought an uncursed amulet of regeneration for 300 gold pieces
  1464 | D        | Bought a +1 leather armour of poison resistance for 110 gold pieces
  1466 | D        | Bought a scroll of fog for 22 gold pieces
  1466 | D        | Bought 2 scrolls of identify for 44 gold pieces
  1466 | D        | Bought 2 scrolls of identify for 44 gold pieces
  1468 | D        | Bought a sack of spiders for 200 gold pieces
  1492 | D        | Learned a level 4 spell: Iskenderun's Mystic Blast
  1538 | D        | Noticed Josephine
  1542 | D        | Noticed Eustachio
  1543 | D        | Offered knowledge of Bolt of Fire by Vehumet.
  1544 | D        | Killed Josephine
  1559 | D        | Killed Eustachio
  1567 | D        | Learned a level 6 spell: Bolt of Fire
  1620 | D        | Got the +8 mace of the Shining Light {crush, rElec rC+}
  1651 | D        | Noticed a two-headed ogre
  1654 | D        | Offered knowledge of Lightning Bolt by Vehumet.
  1654 | D        | Reached skill level 5 in Fighting
  1655 | D        | Killed a two-headed ogre
  1660 | D        | Noticed an ogre mage
  1663 | D        | Killed an ogre mage
  1663 | D        | Reached skill level 19 in Spellcasting
  1664 | D        | Noticed an ettin
  1671 | D        | Killed an ettin
  1673 | D        | Noticed a vampire mage
  1676 | D        | Killed a vampire mage
  1728 | D        | Noticed Aizul
  1735 | D        | Slain by Aizul

Vault maps used:
D:        linesprint

Skill      XL: |  1  2  3  4  5  6  7  8  9 10 11 12 |
---------------+-------------------------------------+-----
Fire Magic     | 5 6 9 11 13 14 15 16 17 18 | 18.3
Stealth        | 3 4 5 6 7 8 9 10 | 10.1
Dodging        | 3 4 5 6 8 9 10 11 | 11.2
Spellcasting   | 4 5 8 10 12 13 14 16 18 19 | 19.3
Fighting       | 1 2 3 4 6 |  6.4
Short Blades   | 1 2 3 |  3.5
Conjurations   | 3 4 6 8 10 12 14 | 14.1
Staves         | 1 2 4 6 |  6.9
Evocations     | 1 5 11 13 | 13.4
Armour         | |  0.7

Action                   |  1- 3 |  4- 6 |  7- 9 | 10-12 || total
-------------------------+-------+-------+-------+-------++-------
Melee: Unarmed           |     1 |       |       |       ||     1
       Dagger            |     5 |     1 |       |       ||     6
       Quarterstaff      |       |       |    13 |       ||    13
 Cast: Flame Tongue      |    13 |       |       |    15 ||    28
       Sticky Flame      |       |     4 |     2 |     7 ||    13
       Fireball          |       |     2 |    12 |    55 ||    69
       Conjure Flame     |       |       |     3 |     3 ||     6
       Bolt of Fire      |       |       |       |     5 ||     5
Evoke: Wand              |       |     1 |     1 |       ||     2
       Lightning rod     |       |       |     2 |    41 ||    43
       Staff of energy   |       |       |       |    66 ||    66
  Use: Potion            |     1 |     1 |     3 |     1 ||     6
  Eat: Chunk             |       |       |     2 |     6 ||     8
Armor: Robe              |     1 |     1 |       |       ||     2
       Troll leather arm |       |       |       |     1 ||     1
Dodge: Dodged            |    11 |     5 |    15 |    27 ||    58

Table legend:
 A = Spawn XP
 B = Non-spawn XP
 C = Spawn XP percentage of total XP
 D = Spawn monster count
 E = Non-spawn monster count
 F = Spawn count percentage of total count
 G = Total turns spent on level
                    A         B        C        D         E        F      G
               +---------+---------+-------+---------+---------+-------+---------
         Total |       0 |   33313 |   0.0 |       0 |     110 |   0.0 |  1735
               +---------+---------+-------+---------+---------+-------+---------
             D |       0 |   33313 |   0.0 |       0 |     110 |   0.0 |  1735
               +---------+---------+-------+---------+---------+-------+---------
